 Dungeon Crawl Stone Soup version 0.27.1-1-g398f81649c (webtiles) character file.

Game seed: 4505953555150417222

568 Atelerd the Digger (level 7, -7/43 HPs)
             Began as an Octopode Earth Elementalist on Sept 5, 2021.
             Mangled by Duvessa (15 damage)
             ... on level 4 of the Dungeon.
             The game lasted 00:08:47 (4980 turns).

Atelerd the Digger (Octopode Earth Elementalist)    Turns: 4980, Time: 00:08:47

Health: -7/43      AC:  1    Str: 14    XL:     7   Next: 33%
Magic:  2/13       EV: 13    Int: 19    God:
Gold:   64         SH:  5    Dex: 12    Spells: 2/14 levels left

rFire    . . .     SeeInvis .   d - +1 dagger (venom)
rCold    . . .     Faith    .   (no shield)
rNeg     . . .     Spirit   .   (helmet restricted)
rPois    .         Reflect  +   l - amulet of reflection
rElec    .         Harm     .   j - +6 ring of strength
rCorr    .         Rampage  .   (no ring)
Will     .....                  (no ring)
Stlth    +++.......             (no ring)
HPRegen  0.14/turn              (no ring)
MPRegen  0.13/turn              (no ring)
                                (no ring)
                                (no ring)

@: no status effects
A: almost no armour, amphibious, 8 rings, camouflage 1, gelatinous body 1,
(nimble swimmer 1), tentacles
a: no special abilities


You were on level 4 of the Dungeon.
You visited 1 branch of the dungeon, and saw 4 of its levels.

You collected 120 gold pieces.
You spent 56 gold pieces at shops.

Inventory:

Hand Weapons
 c - a +0 dagger
 d - a +1 dagger of venom (weapon)
Missiles
 b - 50 stones
Jewellery
 j - a +6 ring of strength (left tentacle)
 l - an amulet of reflection (around mantle)
 o - a ring of ice
Wands
 k - a wand of polymorph (6)
Scrolls
 a - 5 scrolls of identify {unknown}
 g - a scroll of vulnerability {unknown}
 i - 2 scrolls of enchant weapon {unknown}
Potions
 e - 2 potions of degeneration
 f - a potion of heal wounds {unknown}
 m - a potion of lignification {unknown}
 n - a potion of curing


   Skills:
 + Level 1.3 Fighting
 + Level 1.3 Short Blades
 - Level 2.0 Dodging
 + Level 3.5 Stealth
 + Level 4.0 Spellcasting
 + Level 3.8 Transmutations
 + Level 4.9 Earth Magic
 + Level 1.8 Poison Magic


You had 2 spell levels left.
You knew the following spells:

 Your Spells              Type           Power      Damage    Failure   Level
a - Sandblast             Erth           44%        2d11      1%          1
e - Olgreb's Toxic Radia  Pois           10%        N/A       54%         4
p - Petrify               Tmut/Erth      20%        N/A       22%         4
r - Stone Arrow           Conj/Erth      26%        3d8       16%         3

Your spell library contained the following spells:

 Spells                   Type           Power      Damage    Failure   Level
 Passwall                 Tmut/Erth      16%        N/A       3%          2
 Sting                    Tmut/Pois      56%        1d5       4%          1
 Poisonous Vapours        Pois/Air       14%        N/A       14%         2


Dungeon Overview and Level Annotations

Branches:
Dungeon (4/15)
 Temple: D:4-7

Altars:

Shops:
D:2 *

Annotations:
D:3 exclusion: downstairs
D:4 Duvessa


Innate Abilities, Weirdness & Mutations

You cannot wear most types of armour.
You are amphibious.
You can wear up to eight rings at the same time.
Your skin changes colour to match your surroundings (Stealth+).
Your rubbery body absorbs attacks. (AC +1, EV +1)
((You are camouflaged near water. (Stealth+)))
You have tentacles for arms and can constrict up to eight enemies at once.


Message History

The blast of sand hits the ball python!
You kill the ball python!
Duvessa shouts!
Duvessa goes berserk!
The blast of sand hits Duvessa!
Duvessa is moderately wounded.
The blast of sand hits Duvessa but does no damage.
Duvessa is moderately wounded.
Duvessa hits you with a +0 rapier! Duvessa barely misses you.
Unknown command.
Okay, then.
Casting: Sandblast (safe; 1% risk of failure)
Confirm with . or Enter, or press ? or * to list all spells.
You don't know that spell.
Casting: Sandblast (safe; 1% risk of failure)
Confirm with . or Enter, or press ? or * to list all spells.
The spell is quite dangerous to cast (22% risk of failure)!
Continue anyway?
Aiming: Petrify (quite dangerous; 22% risk of failure)
Press: ? - help, Shift-Dir - straight line, f/p - Duvessa
Aim: Duvessa, wielding a +0 rapier and wearing a +0 ring mail (moderately wounded, berserk, chance to affect: 32%) Duvessa easily resists.
You block Duvessa's attack.
Unknown command.
Unknown command.
Casting: Petrify (quite dangerous; 22% risk of failure)
Confirm with . or Enter, or press ? or * to list all spells.
The spell is quite dangerous to cast (22% risk of failure)!
Continue anyway?
Aiming: Petrify (quite dangerous; 22% risk of failure)
Press: ? - help, Shift-Dir - straight line, f/p - Duvessa
Aim: Duvessa, wielding a +0 rapier and wearing a +0 ring mail (moderately wounded, berserk, chance to affect: 32%) Duvessa easily resists.
Duvessa hits you with a +0 rapier!!
* * * LOW HITPOINT WARNING * * *
Duvessa closely misses you.
Unknown command.
Okay, then.
Okay, then.
As you read the scroll labelled VEREUWN KIOFF, it crumbles to dust.
It is a scroll of enchant armour.
You aren't carrying any armour which can be enchanted further.
Duvessa hits you with a +0 rapier!
You die...

#......## #......#
#......## # #........ #.
####..... .. #....(
####. #..... ......####
#..... #....e@.# ##....
#.......#### #.###
............# #.#
.)$......##.########.##
.........##.......##..#
.........######.......##
.........# #........#
...############........#
## #....†........


You could see Duvessa (berserk).

Vanquished Creatures
  2 ogres (D:4)
  A scorpion (D:4)
  Dowan (D:4)
  2 jellies (D:4)
  An orc wizard (D:3)
  A howler monkey zombie (D:3)
  4 gnolls
  6 adders
  2 howler monkey skeletons (D:4)
  5 orcs
  9 bats
  4 endoplasms
  3 giant cockroaches
  7 goblins
  5 hobgoblins
  8 jackals
  5 kobolds
  4 quokkas
  3 ball pythons (D:4)
  5 frilled lizards
  7 rats
85 creatures vanquished.

Notes
Turn   | Place    | Note
-------+----------+-------------------------------------------
     0 | D:1      | Atelerd the Octopode Earth Elementalist began the quest for
                  | the Orb.
     0 | D:1      | Reached XP level 1. HP: 11/11 MP: 3/3
   405 | D:1      | Reached XP level 2. HP: 12/17 MP: 1/5
   986 | D:1      | Reached XP level 3. HP: 5/21 MP: 2/6
  1535 | D:1      | Found a faded altar of an unknown god.
  1641 | D:2      | Found Isim's General Store.
  1696 | D:2      | Bought a potion of curing for 42 gold pieces
  1696 | D:2      | Bought a potion of degeneration for 14 gold pieces
  2470 | D:3      | Reached XP level 4. HP: 19/27 MP: 8/8
  3294 | D:3      | Reached XP level 5. HP: 19/31 MP: 1/9
  3892 | D:4      | Noticed an ogre
  3898 | D:4      | Killed an ogre
  3899 | D:4      | Reached XP level 6. HP: 36/36 MP: 6/11
  3904 | D:4      | Learned a level 4 spell: Petrify
  3909 | D:4      | Learned a level 4 spell: Olgreb's Toxic Radiance
  3950 | D:4      | Noticed Duvessa
  4290 | D:4      | Reached skill level 1 in Poison Magic
  4319 | D:4      | Noticed Dowan
  4338 | D:4      | Killed Dowan
  4339 | D:4      | Reached skill level 1 in Fighting
  4339 | D:4      | Reached skill level 1 in Short Blades
  4339 | D:4      | Reached XP level 7. HP: 28/43 MP: 4/12
  4874 | D:4      | Learned a level 3 spell: Stone Arrow
  4980 | D:4      | Mangled by Duvessa

Illustrated notes

Levels and vault maps discovered:
D:1:      psy_arrival_radial01, layout_basic,
          dreamdust_ecumenical_altar_hidden_monk_grotto
D:2:      layout_basic, serial_shops, nicolae_shop_competitors_out_of_business,
          kennysheep_nub, st_stairs_11
D:3:      layout_rooms
D:4:      layout_basic, serial_glass, glass_columns_a, glass_columns_a,
          hangedman_decor_opposing, uniq_duvessa

Skill      XL: |  1  2  3  4  5  6  7 |
---------------+----------------------+-----
Transmutations | 2 3 |  3.8
Spellcasting   | 3 4 |  4.0
Earth Magic    | 4 |  4.9
Stealth        | 3 |  3.5
Poison Magic   | 1 |  1.8
Fighting       | 1 |  1.3
Short Blades   | 1 |  1.3
Dodging        | |  2.0

Action                   |  1- 3 |  4- 6 |  7- 9 || total
-------------------------+-------+-------+-------++-------
Melee: Unarmed           |    30 |     1 |       ||    31
       Constrict         |    14 |     7 |     9 ||    30
       Tentacles         |     5 |     5 |     4 ||    14
       Dagger            |    21 |    35 |    25 ||    81
 Cast: Sandblast         |    23 |    65 |     9 ||    97
       Petrify           |       |     3 |     2 ||     5
  Use: Potion            |       |     1 |       ||     1
       Scroll            |       |       |     1 ||     1
 Stab: Sleeping          |     4 |     3 |     2 ||     9
       Petrified         |       |     5 |       ||     5
Armor: Skin              |    10 |     7 |     1 ||    18
Dodge: Dodged            |    50 |    46 |    18 ||   114
Block: Other             |       |       |     2 ||     2
